 Dungeon Crawl Stone Soup version 0.20.1-1-g8b1a95d (webtiles) character file.

191747 equalderp2856 the Severer (level 17, -6/159 HPs)
             Began as a Minotaur Fighter on Aug 14, 2017.
             Mangled by a shock serpent (14 damage)
             ... on level 4 of the Snake Pit.
             The game lasted 02:13:02 (49610 turns).

equalderp2856 the Severer (Minotaur Fighter)       Turns: 49610, Time: 02:13:02

Health: -6/159     AC: 31    Str: 25    XL:     17   Next: 58%
Magic:  23/23      EV: 10    Int:  7    God:
Gold:   2310       SH:  0    Dex: 17    Spells: 25/26 levels left

rFire    . . .     SeeInvis .   V - +8 executioner's axe of Bamat {chop, MR+ Str+3}
rCold    . . .     Gourm    .   (shield currently unavailable)
rNeg     . . .     Faith    .   u - +1 plate armour {MR+}
rPois    .         Spirit   .   O - +2 hat
rElec    .         Reflect  .   H - scarf {repulsion}
rCorr    .         Harm     .   T - +0 pair of fencer's gloves {+Riposte Dex+3}
MR       +++..                  G - +1 pair of boots
Stlth    ..........             (no amulet)
Regen    0.4/turn               Q - +3 ring of protection
MPRegen  0.2/turn               I - +4 ring of protection

@: confused, repel missiles
A: retaliatory headbutt, horns 2
}: 1/15 runes: serpentine
a: no special abilities


You were on level 4 of the Snake Pit.
You were very hungry.

You visited 4 branches of the dungeon, and saw 23 of its levels.

You collected 2646 gold pieces.
You spent 336 gold pieces at shops.

Inventory:

Hand Weapons
 a - a +0 trident
 g - a +0 arbalest
 w - a +1 broad axe
 M - a +3 war axe of freezing
 V - the +8 executioner's axe of Bamat (weapon) {chop, MR+ Str+3}
   (You found it on level 6 of the Lair of Beasts)

   It inflicts extra damage upon your enemies.
   It affects your strength (+3).
   It affects your resistance to hostile enchantments.
Armour
 c - a +0 shield
 u - a +1 plate armour of magic resistance (worn)
 x - a +2 cloak
 y - a +2 scale mail of poison resistance
 G - a +1 pair of boots (worn)
 H - a scarf of repulsion (worn)
 O - a +2 hat (worn)
 P - a +2 cloak
 T - the +0 pair of fencer's gloves (worn) {+Riposte Dex+3}
   (You found it on level 2 of the Lair of Beasts)

   It affects your dexterity (+3).
 Z - a +0 plate armour
Jewellery
 b - an uncursed ring of positive energy
 k - an uncursed ring of resist corrosion
 I - a +4 ring of protection (right hand)
 J - a cursed ring of teleportation {unknown}
 Q - a +3 ring of protection (left hand)
 Y - an uncursed ring of protection from fire
Wands
 p - a wand of digging (11/24)
 r - a wand of iceblast (5/15)
 s - a wand of iceblast (0/15)
 D - a wand of confusion (28/48)
 F - a wand of iceblast (0/15)
 W - a wand of random effects (7/48)
 X - a wand of paralysis (0/24)
Scrolls
 e - a scroll of enchant armour
 h - 2 scrolls of fear
 l - 6 scrolls of remove curse
 m - 3 scrolls of teleportation
 n - a scroll of amnesia
 t - 4 scrolls of identify
 v - a scroll of enchant weapon
 A - a scroll of noise {unknown}
 B - 2 scrolls of recharging
Potions
 d - 3 potions of might
 i - a potion of cancellation
 j - a potion of berserk rage
 o - 3 potions of agility
 q - a potion of invisibility
 z - 2 potions of flight
 U - 2 potions of ambrosia
Comestibles
 f - 11 bread rations
 C - 17 meat rations
 R - 21 fruits


   Skills:
 + Level 16.4 Fighting
 + Level 20.9(21.1) Axes
 + Level 4.8(14.9) Polearms
 + Level 16.1 Armour
 + Level 4.2 Dodging
 + Level 3.3 Stealth
 + Level 14.6 Shields
 * Level 5.2 Spellcasting
 * Level 5.2 Charms
 + Level 2.1 Evocations


You had 25 spell levels left.
You knew the following spells:

 Your Spells              Type           Power        Failure   Level  Hunger
a - Infusion              Chrm           #...         22%         1    #......


Dungeon Overview and Level Annotations

Branches:
Dungeon (11/15)            Temple (0/1) D:4            Lair (6/6) D:10
  Swamp (0/4) Lair:4        Snake (4/4) Lair:2        Slime (0/5) Lair:5
    Orc (2/2) D:9             Elf (0/3) Orc:2

Altars:
Dithmenos
Kikubaaqudgha
Ru
Beogh

Shops:
D:10 %   Orc:2 }=*[*   Snake:3 }   Snake:4 [%

Portals:
Trove: D:10 (give 11 potions of heal wounds)


Innate Abilities, Weirdness & Mutations

You reflexively headbutt those who attack you in melee.
You have a pair of horns on your head.


Message History

The shock serpent is severely wounded.
The shock serpent bites you!
* * * LOW HITPOINT WARNING * * *
The shock serpent shocks you!
* * * LOW HITPOINT WARNING * * *
You miss the shock serpent. Your headbutt misses the shock serpent.
The shock serpent is severely wounded.
The shock serpent bites you.
* * * LOW HITPOINT WARNING * * *
The shock serpent shocks you!
* * * LOW HITPOINT WARNING * * *
The shock serpent bites you but does no damage.
Okay, then.
You are confused.
You feel invigorated.
The shock serpent bites you but does no damage.
The shock serpent bites you!
* * * LOW HITPOINT WARNING * * *
The shock serpent shocks you!
You die...

..#...(....##(##.###.....#
(###......###(.###.....(.#
(..##.....# #............#
....##....# #........[...#
.#..#....## #..<....###(.#
....#....# #......## ##.###### #
....#..### #..(..## #(.....###
[...#### #.).(.# #((.......
)############))S@(# ##.........
))(()([(..))[....(## ##....###''#
##(((....(.......(.###.....#.....
##(..))..).......)........##.....
#..)))...................#.....#
#....####................##.####
#....# ##...###'###....).###)).
#....## #...#.....##..........#
##.....# ##..#......#...###.####


You could see a shock serpent.

Vanquished Creatures
  Vashnia (Snake:3)
  Gastronok (Orc:1)
  6 nagarajas
  An ettin (Orc:1)
  Fannar (Lair:1)
  20 naga warriors
  6 hydras
  14 anacondas
  The ghost of vomix the Severer, a novice MiBe of Trog (D:9)
  An alligator (Lair:6)
  20 two-headed ogres
  5 ogre magi
  10 death yaks
  9 shock serpents
  20 naga sharpshooters
  3 salamander mystics
  A swamp dragon (Lair:4)
  A lindwurm (Lair:6)
  2 orc knights
  5 sea snakes (Snake:2)
  Pikel (D:8)
  11 naga ritualists
  2 oklob plants
  15 mana vipers
  5 orc sorcerers
  10 salamanders
  2 cyclopes (Orc:2)
  32 naga magi
  49 black mambas
  17 elephants
  4 guardian serpents
  A torpor snail (Lair:5)
  Maurice (D:11)
  11 spiny frogs
  6 komodo dragons
  2 rime drakes
  2 trolls
  15 polar bears
  A raiju (Lair:6)
  5 blink frogs
  A hornet (D:11)
  13 dream sheep
  10 hippogriffs
  2 shadows (D:11)
  21 yaks
  A basilisk (Snake:1)
  Menkaure (D:7)
  A steam dragon (Lair:2)
  7 wargs
  Edmund (D:6)
  41 nagas
  6 porcupines
  14 hell hounds (Lair:6)
  14 water moccasins
  A hornet zombie (D:6)
  3 ice beasts
  Duvessa (D:6)
  19 black bears
  8 orc warriors
  A phantom (D:11)
  32 ogres
  43 wolves
  4 centaurs
  12 crocodiles
  3 big kobolds (D:9)
  9 bullfrogs
  A wyvern skeleton (D:11)
  A scorpion (D:7)
  Dowan (D:6)
  11 wights
  3 electric eels
  5 crimson imps
  2 bullfrog zombies
  4 centaur zombies
  5 centaur skeletons
  4 hounds
  10 orc wizards
  9 orc priests
  13 jellies
  7 iguanas
  8 worker ants
  Terence (D:3)
  2 hound zombies
  A hound skeleton (D:9)
  3 worker ant zombies
  5 gnolls
  2 howler monkey skeletons
  14 adders
  3 shadow imps
  3 oozes
  An adder zombie (D:8)
  6 adder skeletons
  2 worms (D:2)
  3 dart slugs
  5 leopard geckos
  59 orcs
  8 bats
  2 giant cockroaches
  4 goblins
  7 hobgoblins
  6 jackals
  8 kobolds
  2 quokkas
  3 ball pythons
  8 frilled lizards
  A quokka skeleton (D:3)
  9 rats
  A butterfly (Lair:4)
  2 fungi (Lair:5)
  8 plants
852 creatures vanquished.

Vanquished Creatures (others)
  A centaur zombie (D:10)
  The ghost of Terandir the Chopper, a novice MiFi of Cheibriados (D:5)
  A naga (Snake:3)
  4 slaves (D:8)
  An eye of draining (D:10)
  A centaur (D:8)
  A bullfrog (D:8)
  A howler monkey (D:8)
  A crimson imp (D:8)
  An iguana (D:10)
  A killer bee zombie (D:10)
  2 human simulacra (D:10)
  A hound skeleton (D:8)
  A worm (D:5)
  2 jackals
  A rat (D:5)
  26 fungi
  70 plants
117 creatures vanquished.

Grand Total: 969 creatures vanquished

Notes
Turn   | Place    | Note
-------+----------+-------------------------------------------
     0 | D:1      | equalderp2856 the Minotaur Fighter began the quest for the Orb.
     0 | D:1      | Reached XP level 1. HP: 19/19 MP: 0/0
   108 | D:1      | Reached XP level 2. HP: 18/27 MP: 1/1
   385 | D:1      | Reached XP level 3. HP: 29/33 MP: 2/2
   410 | D:1      | Reached skill level 3 in Axes
  1232 | D:2      | Reached XP level 4. HP: 41/41 MP: 3/3
  1685 | D:3      | Reached skill level 1 in Dodging
  1686 | D:3      | Reached skill level 4 in Axes
  1686 | D:3      | Reached XP level 5. HP: 42/47 MP: 4/4
  1778 | D:3      | Noticed Terence
  1784 | D:3      | Killed Terence
  2191 | D:4      | Found a staircase to the Ecumenical Temple.
  2629 | D:4      | Reached skill level 5 in Fighting
  2629 | D:4      | Reached skill level 5 in Axes
  2629 | D:4      | Reached XP level 6. HP: 42/56 MP: 5/5
  2864 | D:5      | Entered Level 5 of the Dungeon
  2905 | D:5      | Noticed Terandir's ghost (novice MiFi)
  3312 | D:5      | Killed Terandir's ghost
  3319 | D:5      | Reached skill level 5 in Armour
  3320 | D:5      | Reached skill level 5 in Shields
  4170 | D:6      | Reached XP level 7. HP: 43/61 MP: 6/6
  4228 | D:6      | Noticed Edmund
  4244 | D:6      | Killed Edmund
  4244 | D:6      | Reached skill level 6 in Axes
  4377 | D:6      | Noticed Duvessa
  4448 | D:6      | Noticed Dowan
  4947 | D:6      | Reached skill level 7 in Axes
  5355 | D:6      | Killed Dowan
  5355 | D:6      | Reached XP level 8. HP: 70/70 MP: 7/7
  5364 | D:6      | Killed Duvessa
  5673 | D:7      | Noticed Menkaure
  5685 | D:7      | Killed Menkaure
  5685 | D:7      | Reached skill level 8 in Axes
  6808 | D:8      | Noticed Pikel
  6858 | D:8      | Killed Pikel
  6858 | D:8      | Reached skill level 9 in Axes
  6858 | D:8      | Reached XP level 9. HP: 79/79 MP: 8/8
  7510 | D:9      | Noticed a two-headed ogre
  7816 | D:7      | Reached skill level 10 in Axes
  7979 | D:8      | Noticed a two-headed ogre
  8000 | D:8      | Killed a two-headed ogre
  8000 | D:8      | Reached skill level 1 in Stealth
  8152 | D:8      | Killed a two-headed ogre
  8152 | D:8      | Reached XP level 10. HP: 8/88 MP: 9/9
  8638 | D:9      | Noticed a two-headed ogre
  8652 | D:9      | Reached skill level 11 in Axes
  9707 | D:9      | Noticed a three-headed hydra
  9722 | D:9      | Killed a three-headed hydra
  9955 | D:9      | Noticed vomix's ghost (novice MiBe)
 10051 | D:9      | Found a sacrificial altar of Ru.
 10806 | D:10     | Entered Level 10 of the Dungeon
 10806 | D:10     | Found a staircase to the Lair.
 10806 | D:10     | Noticed a death yak
 10806 | D:10     | Noticed a death yak
 10806 | D:10     | Noticed a death yak
 10808 | D:10     | Noticed a death yak
 10809 | D:10     | Noticed a death yak
 10810 | D:10     | Noticed a death yak
 10810 | D:10     | Noticed a death yak
 11423 | D:8      | Noticed a two-headed ogre
 11439 | D:8      | Killed a two-headed ogre
 11439 | D:8      | Reached skill level 10 in Armour
 11634 | D:8      | Killed a two-headed ogre
 11634 | D:8      | Reached skill level 12 in Axes
 11634 | D:8      | Reached skill level 1 in Evocations
 11634 | D:8      | Reached XP level 11. HP: 55/97 MP: 10/10
 12364 | Lair:1   | Entered Level 1 of the Lair of Beasts
 12815 | Lair:1   | Reached skill level 10 in Shields
 13112 | Lair:1   | Noticed Fannar
 13911 | Lair:1   | Reached skill level 10 in Fighting
 13920 | Lair:1   | Reached skill level 13 in Axes
 14323 | Lair:1   | Noticed an oklob plant
 14448 | Lair:2   | HP: 4/99 [poisoned by a spiny frog]
 14454 | Lair:2   | HP: 4/99 [poisoned by a spiny frog]
 14462 | Lair:2   | HP: 4/99 [poisoned by a spiny frog]
 14750 | Lair:2   | Noticed an eight-headed hydra
 14984 | Lair:1   | Killed Fannar
 15548 | Lair:1   | Killed an oklob plant
 16023 | Lair:2   | Reached XP level 12. HP: 49/107 MP: 12/12
 16692 | Lair:2   | Found a staircase to the Snake Pit.
 17557 | Lair:3   | Found an ancient bone altar of Kikubaaqudgha.
 17823 | Lair:3   | Reached skill level 14 in Axes
 18295 | Lair:4   | Found a staircase to the Swamp.
 19074 | D:10     | Found Aquis's Food Boutique.
 19220 | D:10     | Killed a death yak
 19232 | D:10     | Killed a death yak
 19240 | D:10     | Killed a death yak
 19425 | Lair:1   | Killed a death yak
 19773 | D:10     | Killed a death yak
 19773 | D:10     | Reached skill level 15 in Axes
 19785 | D:10     | Killed a death yak
 19785 | D:10     | Reached XP level 13. HP: 28/116 MP: 13/13
 20471 | D:9      | Found a staircase to the Orcish Mines.
 20500 | Orc:1    | Entered Level 1 of the Orcish Mines
 20649 | Orc:1    | Noticed Gastronok
 20726 | Orc:1    | Killed Gastronok
 21425 | D:9      | Killed vomix's ghost
 21871 | D:10     | Found a portal to a secret trove of treasure.
 22241 | D:11     | Reached skill level 16 in Axes
 22532 | D:11     | Noticed Maurice
 22562 | D:11     | Killed Maurice
 23118 | Lair:2   | Paralysed by fainting for 11 turns
 24174 | Lair:4   | Found a shadowy altar of Dithmenos.
 25329 | Lair:5   | Found a staircase to the Slime Pits.
 25805 | Lair:5   | Reached XP level 14. HP: 127/129 MP: 14/14
 26762 | Lair:6   | Entered Level 6 of the Lair of Beasts
 28959 | Lair:6   | Got a twisted executioner's axe
 28968 | Lair:6   | Identified the +8 executioner's axe of Bamat {chop, MR+ Str+3} (You found it on level 6 of the Lair of Beasts)
 29515 | Orc:2    | Entered Level 2 of the Orcish Mines
 29681 | Orc:2    | Reached skill level 17 in Axes
 29708 | Orc:2    | Found a roughly hewn altar of Beogh.
 29720 | Orc:2    | Found a staircase to the Elven Halls.
 29767 | Orc:2    | Found Gewiqaid's Quality Used Wands.
 29953 | Orc:2    | Found Lagoerphutho's Assorted Antiques.
 29964 | Orc:2    | Reached XP level 15. HP: 74/139 MP: 15/15
 29967 | Orc:2    | Found Qedd's Antique Armour Emporium.
 29967 | Orc:2    | Found Hunesao's Jewellery Boutique.
 29967 | Orc:2    | Found Siekk's General Store.
 30694 | Orc:2    | Reached skill level 18 in Axes
 31274 | Orc:2    | Bought a +3 ring of protection for 336 gold pieces
 31817 | Lair:1   | Learned a level 1 spell: Infusion
 31910 | Snake:1  | Entered Level 1 of the Snake Pit
 32908 | Snake:1  | Reached skill level 1 in Charms
 33215 | Snake:1  | Reached skill level 1 in Spellcasting
 33564 | Snake:2  | Reached skill level 15 in Fighting
 35877 | Snake:2  | Noticed a nagaraja
 35885 | Snake:2  | Killed a nagaraja
 35885 | Snake:2  | Reached skill level 19 in Axes
 36955 | Snake:2  | Reached skill level 15 in Armour
 36955 | Snake:2  | Reached XP level 16. HP: 84/149 MP: 18/18
 39462 | Snake:3  | Found a shadowy altar of Dithmenos.
 39665 | Snake:3  | Found Kealem's Gadget Shop.
 40669 | Snake:4  | Entered Level 4 of the Snake Pit
 41292 | Snake:4  | Noticed Vashnia
 42566 | Snake:3  | Killed Vashnia
 42714 | Snake:4  | Reached skill level 20 in Axes
 43043 | Snake:4  | Found Pife's Food Emporium.
 43043 | Snake:4  | Found Owked's Antique Armour Shoppe.
 45154 | Snake:4  | Reached XP level 17. HP: 142/158 MP: 19/22
 48306 | Snake:4  | Reached skill level 5 in Spellcasting
 48569 | Snake:4  | Reached skill level 5 in Charms
 49216 | Snake:4  | Got a serpentine rune of Zot
 49610 | Snake:4  | Mangled by a shock serpent

Skill      XL: |  1  2  3  4  5  6  7  8  9 10 11 12 13 14 15 16 17 |
---------------+----------------------------------------------------+-----
Fighting       | 4 5 6 7 8 9 10 11 13 14 15 16 | 16.4
Armour         | 4 5 6 7 8 10 11 12 13 14 15 16 | 16.1
Axes           | 3 4 5 7 9 10 12 13 15 16 17 19 20 | 20.9
Shields        | 4 5 7 8 9 10 12 13 14 | 14.6
Dodging        | 1 2 3 4 |  4.2
Stealth        | 2 3 |  3.3
Polearms       | 2 3 4 |  4.8
Evocations     | 1 2 |  2.1
Charms         | 2 4 5 |  5.2
Spellcasting   | 2 4 5 |  5.2

Action                   |  1- 3 |  4- 6 |  7- 9 | 10-12 | 13-15 | 16-18 || total
-------------------------+-------+-------+-------+-------+-------+-------++-------
Melee: War axe           |    85 |   153 |   322 |   759 |   620 |       ||  1939
       Headbutt          |    15 |    27 |    72 |   257 |   287 |   121 ||   779
       Trident           |       |       |       |    21 |    68 |       ||    89
       Broad axe         |       |       |       |   150 |    32 |       ||   182
       Executioner's axe |       |       |       |       |   255 |   429 ||   684
 Cast: Infusion          |       |       |       |       |     2 |    43 ||    45
Evoke: Wand              |       |       |     4 |    25 |    10 |     7 ||    46
  Use: Scroll            |       |       |     2 |    22 |     6 |     1 ||    31
       Potion            |       |       |     1 |     5 |     6 |     6 ||    18
 Stab: Confused          |       |       |     7 |     1 |     2 |       ||    10
       Paralysed         |       |       |       |       |     2 |       ||     2
       Distracted        |       |       |       |       |     1 |       ||     1
  Eat: Chunk             |       |     8 |    15 |    28 |    32 |     8 ||    91
       Fruit             |       |       |       |    11 |     2 |    23 ||    36
       Royal jelly       |       |       |       |       |     7 |     1 ||     8
       Bread ration      |       |       |       |       |     1 |     2 ||     3
       Meat ration       |       |       |       |       |     1 |       ||     1
Armor: Scale mail        |    30 |    62 |       |       |    30 |       ||   122
       Plate armour      |       |     1 |   179 |   405 |   527 |   427 ||  1539
Dodge: Dodged            |    23 |    66 |    79 |   215 |   354 |   277 ||  1014
       Deflected         |       |       |     2 |     7 |    20 |   122 ||   151
Block: Shield            |    36 |    79 |   186 |   575 |   505 |       ||  1381
       Rpst.: War axe    |       |       |       |     6 |    30 |       ||    36
       Broad axe         |       |       |       |     5 |       |       ||     5
       Executioner's axe |       |       |       |       |    45 |    58 ||   103
       Trident           |       |       |       |       |     1 |       ||     1
